 Dungeon Crawl Stone Soup version 0.27-a0-54-g64bdb92e38 (webtiles) character file.

Game seed: 9818749645414187172

4 runemasterragnar the Skirmisher (level 1, 0/24 HPs)
             Began as an Ogre Monk on Jan 8, 2021.
             Succumbed to an adder's poison
             ... in the Ecumenical Temple.
             The game lasted 00:00:36 (217 turns).

runemasterragnar the Skirmisher (Ogre Monk)          Turns: 217, Time: 00:00:36

Health: 0/24       AC:  3    Str: 12 (14) XL:     1   Next: 60%
Magic:  1/1        EV: 10    Int: 10 (11) God:
Gold:   7          SH:  0    Dex: 10 (11) Spells: 0/0 levels left

rFire    . . .     SeeInvis .   a - +0 hand axe
rCold    . . .     Faith    .   (no shield)
rNeg     . . .     Spirit   .   b - +0 robe
rPois    .         Reflect  .   (helmet restricted)
rElec    .         Harm     .   (no cloak)
rCorr    .         Rampage  .   (gloves unavailable)
Will     .....                  (boots unavailable)
Stlth    ++........             (no amulet)
HPRegen  0.08/turn              (no ring)
MPRegen  0.07/turn              (no ring)

@: lethally poisoned (0 -> -13)
A: large, unfitting armour, tough skin 1
a: no special abilities


You were in the Ecumenical Temple.
You visited 2 branches of the dungeon, and saw 5 of its levels.

You collected 7 gold pieces.

Inventory:

Hand Weapons
 a - a +0 hand axe (weapon)
Armour
 b - a +0 robe (worn)
Jewellery
 c - an uncursed ring of protection from cold {unknown}
Scrolls
 d - a scroll of enchant weapon {unknown}


   Skills:
 * Level 4.2 Fighting
 + Level 3.0 Axes
 + Level 2.7 Dodging
 - Level 1.4 Stealth


You couldn't memorise any spells.
You didn't know any spells.
Your spell library was empty.

Dungeon Overview and Level Annotations

Branches:
Dungeon (4/15)             Temple (1/1) D:4

Altars:
Dithmenos
Vehumet
Wu Jian


Innate Abilities, Weirdness & Mutations

You are too large for most types of armour.
You have tough skin. (AC +1)


Message History

You feel weakened.
You feel dopey.
You feel clumsy.
You feel sick. The adder bites you.
You are lethally poisoned!
The adder poisons you!
You miss the adder.
You feel sick. The adder bites you.
* * * LOW HITPOINT WARNING * * *
You are more poisoned.
The adder poisons you! The adder bites you.
* * * LOW HITPOINT WARNING * * *
You closely miss the adder.
* * * LOW HITPOINT WARNING * * *
You feel sick. The adder bites you.
* * * LOW HITPOINT WARNING * * *
You hit the adder.
The adder is moderately wounded.
* * * LOW HITPOINT WARNING * * *
You feel sick. The adder misses you. The adder bites you but does no damage.
You hit the adder.
The adder is severely wounded.
You die...

#.....
#......
##.......
#........
##....._..
#.........
#.........
#.@.._....
#.S.......
#.........
##....._..
#........
##.......
#......
#.....


You could see an adder.

Vanquished Creatures
  A goblin (D:1)
  A hobgoblin (D:3)
  A bat (D:1)
  A kobold (D:2)
4 creatures vanquished.

Notes
Turn   | Place    | Note
-------+----------+-------------------------------------------
     0 | D:1      | runemasterragnar the Ogre Monk began the quest for the Orb.
     0 | D:1      | Reached XP level 1. HP: 24/24 MP: 1/1
   202 | D:4      | Found a staircase to the Ecumenical Temple.
   207 | Temple   | Entered the Ecumenical Temple
   216 | Temple   | HP: 1/24 [poisoned by an adder]
   217 | Temple   | Succumbed to an adder's poison

Illustrated notes

Levels and vault maps discovered:
D:1:      matt_arrival_refuge, layout_loops_ring
D:2:      layout_loops_ring, nicolae_overflow_crystal_walls, old_standard_altar,
          grunt_ministairs_2, ebering_dispersal_statue_hall
D:3:      layout_basic, uniq_crazy_yiuf_cottage
D:4:      cheibrodos_quashed, layout_basic, minmay_temple_entry_steel_oval
Temple:   compressed_dpeg_circular_temple

Action                   || total
-------------------------++-------
Melee: Hand axe          ||    18
  Use: Potion            ||     1
Armor: Robe              ||     6
Dodge: Dodged            ||    10

Table legend: (Time is in decaauts)
 A = Elapsed time spent in this place.
 B = Non-inter-level travel time spent in this place.
 C = Inter-level travel time spent in this place.
 D = Time resting spent in this place.
 E = Time spent auto-exploring this place.
 F = Levels seen in this place.
 G = Mean time per level.
                   A        B        C        D        E       F      G
               +--------+--------+--------+--------+--------+-----+--------+
         Total |    218 |    218 |      0 |      0 |    130 |   5 |   43.6 |
       Dungeon |    207 |    207 |      0 |      0 |    130 |   4 |   51.8 |
        Temple |     10 |     10 |      0 |      0 |      0 |   1 |   10.0 |
               +--------+--------+--------+--------+--------+-----+--------+

Top non-repeatable levels by time:
     D:1: 111 daAuts
     D:3: 52 daAuts
     D:2: 30 daAuts
     D:4: 14 daAuts
  Temple: 10 daAuts
